 Dungeon Crawl Stone Soup version 0.29.1-15-g9cfb28693d (webtiles) character file.

Game seed: 6808349519886000539

48 Alturiack the Vexing (level 3, 0/17 HPs)
             Began as a Spriggan Arcane Marksman on Apr 11, 2023.
             Succumbed to an adder's poison
             ... on level 2 of the Dungeon.
             The game lasted 00:06:35 (2033 turns).

Alturiack the Vexing (Spriggan Arcane Marksman)     Turns: 2033, Time: 00:06:35

Health: 0/17       AC:  2    Str:  6    XL:     3   Next: 50%
Magic:  7/7        EV: 17    Int: 14    God:
Gold:   31         SH:  0    Dex: 17    Spells: 2/6 levels left

rFire   . . .      SeeInvis +   a - +1 sling
rCold   . . .      Faith    .   (no shield)
rNeg    . . .      Spirit   .   c - +0 robe
rPois   .          Reflect  .   (helmet restricted)
rElec   .          Harm     .   (no cloak)
rCorr   .          Rampage  .   (gloves unavailable)
Will    .....                   (boots unavailable)
Stlth   ++........              (no amulet)
HPRegen 0.05/turn               (no ring)
MPRegen 0.10/turn               (no ring)

@: lethally poisoned (0 -> 0), very quick
A: very small, no large weapons, unfitting armour, see invisible, speed 3
a: no special abilities


You were on level 2 of the Dungeon.
You visited 1 branch of the dungeon, and saw 2 of its levels.

You collected 31 gold pieces.

Inventory:

Hand Weapons
 a - a +1 sling (weapon)
Armour
 c - a +0 robe (worn)
Scrolls
 b - a scroll of poison
 g - a scroll of identify {unknown}
 k - a scroll of magic mapping {unknown}
 l - a scroll of enchant weapon {unknown}
Potions
 d - a potion of attraction {unknown}
 e - a potion of mutation {unknown}
 f - a potion of might {unknown}
 h - a potion of haste {unknown}
 i - 2 potions of ambrosia {unknown}
 j - a potion of curing {unknown}


   Skills:
 - Level 0.7 Fighting
 * Level 3.0 Ranged Weapons
 - Level 2.6 Dodging
 + Level 2.2 Spellcasting
 * Level 4.4 Hexes
 * Level 0.0 Fire Magic


You had 2 spell levels left.
You knew the following spells:

 Your Spells              Type           Power      Damage    Failure   Level
a - Slow                  Hex            52%        N/A       3%          1
b - Inner Flame           Hex/Fire       7%         N/A       28%         3

Your spell library contained the following spells:

 Spells                   Type           Power      Damage    Failure   Level
 Apportation              Tloc           2%         N/A       24%         1
 Portal Projectile        Hex/Tloc       14%        N/A       28%         3
 Cause Fear               Hex            6%         N/A       36%         4
 Alistair's Intoxication  Tmut/Pois      0%         N/A       100%        5


Dungeon Overview and Level Annotations

Branches:
Dungeon (2/15)

Altars:


Innate Abilities, Weirdness & Mutations

You are very small and have problems with some larger weapons.
You are too small for most types of armour.
You have supernaturally acute eyesight. (SInv)
You cover ground extremely quickly. (Speed+++)


Message History

You are too injured to fight recklessly!
You are too injured to fight recklessly!
You feel sick.
You feel sick.
You feel sick.
You feel sick.
You feel sick.
You are too injured to fight recklessly!
* * * LOW HITPOINT WARNING * * *
You feel sick.
You are too injured to fight recklessly!
There is a lethal amount of poison in your body!
You are too injured to fight recklessly!
Fire: a) +1 sling
Press: ? - help, Q - select action, (/) - cycle Shift-Dir - straight line, f/p - adder
Aim: an adder (moderately wounded, 40% to hit)
You shoot a sling bullet.
The sling bullet barely misses the adder.
* * * LOW HITPOINT WARNING * * *
You feel sick.
Fire: a) +1 sling
Press: ? - help, Q - select action, (/) - cycle Shift-Dir - straight line, f/p - adder
Aim: an adder (moderately wounded, 40% to hit)
You shoot a sling bullet.
The sling bullet barely misses the adder.
* * * LOW HITPOINT WARNING * * *
You feel sick. The adder barely misses you.
Fire: a) +1 sling
Press: ? - help, Q - select action, (/) - cycle Shift-Dir - straight line, f/p - adder
Aim: an adder (moderately wounded, 40% to hit)
You shoot a sling bullet.
The sling bullet barely misses the adder.
* * * LOW HITPOINT WARNING * * *
You feel sick. The adder closely misses you. The adder misses you.
Fire: a) +1 sling
Press: ? - help, Q - select action, (/) - cycle Shift-Dir - straight line, f/p - adder
Aim: an adder (moderately wounded, 40% to hit)
You shoot a sling bullet. The sling bullet hits the adder.
The adder is severely wounded.
You die...

#..... #+# #..... #.# #....
.### #.##########...
.....###<...........#
.......#............#######
#...†...........†'......
#####.....@S.....#####
.......###..........#
######.#.........##.#
.............##.#
#.##.........##.#
#..........#.##.#
##########.#.##.# ....##.#
##.####.#


You could see an adder.

Vanquished Creatures
  A worm (D:2)
  3 dart slugs (D:1)
  3 ball pythons
  5 goblins (D:1)
  2 hobgoblins (D:1)
  5 jackals (D:1)
  6 quokkas
  5 bats (D:1)
  2 frilled lizards (D:1)
  4 rats
36 creatures vanquished.

Notes
Turn   | Place    | Note
-------+----------+-------------------------------------------
     0 | D:1      | Alturiack the Spriggan Arcane Marksman began the quest for
                  | the Orb.
     0 | D:1      | Reached XP level 1. HP: 9/9 MP: 3/3
   294 | D:1      | Reached XP level 2. HP: 14/14 MP: 5/5
   500 | D:1      | Reached skill level 4 in Hexes
  1262 | D:1      | Reached XP level 3. HP: 12/17 MP: 7/7
  1623 | D:1      | Learned a level 3 spell: Inner Flame
  2033 | D:2      | Succumbed to an adder's poison

Illustrated notes

Levels and vault maps discovered:
D:1:      spicycebolla_arrival_xxxplode, layout_basic, minmay_misc_feat_iff
D:2:      layout_basic, basic_altar

Skill      XL: |  1  2  3 |
---------------+----------+-----
Hexes          | 4 |  4.4
Spellcasting   | 2 |  2.2
Ranged Weapons | 3 |  3.0
Fighting       | |  0.7
Dodging        | |  2.6

Action                   || total
-------------------------++-------
 Fire: Sling             ||   132
 Cast: Slow              ||     3
       Inner Flame       ||     3
Armor: Robe              ||    14
Dodge: Dodged            ||    72
